 Dungeon Crawl Stone Soup version 0.21.1-1-g345015f (webtiles) character file.

121 Monsterracer the Chiller (level 5, 0/28 HPs)
             Began as a Kobold Ice Elementalist on May 13, 2018.
             Was a Follower of Fedhas.
             Slain by Iko's ghost (14 damage)
             ... on level 4 of the Dungeon.
             The game lasted 00:05:50 (3936 turns).

Monsterracer the Chiller (Kobold Ice Elementalist)  Turns: 3936, Time: 00:05:50

Health: 0/28       AC:  4    Str:  5    XL:     5   Next: 26%
Magic:  7/10       EV: 15    Int: 17    God:    Fedhas [*.....]
Gold:   153        SH:  0    Dex: 16    Spells: 2/10 levels left

rFire    . . .     SeeInvis +   q - +1 short sword
rCold    . . .     Gourm    .   (shield restricted)
rNeg     . . .     Faith    .   a - +0 robe
rPois    .         Spirit   .   p - +1 helmet
rElec    .         Reflect  .   (no cloak)
rCorr    .         Harm     .   (no gloves)
MR       .....                  (no boots)
Stlth    ++........             (no amulet)
HPRegen  0.09/turn              g - ring of flight
MPRegen  0.12/turn              o - ring of see invisible

@: very slightly contaminated
A: small, carnivore
a: Fungal Bloom, Evolution, Renounce Religion, Evoke Flight


You were on level 4 of the Dungeon.
You worshipped Fedhas.
Fedhas was aware of your devotion.
You were very full.

You visited 1 branch of the dungeon, and saw 4 of its levels.

You collected 153 gold pieces.

Inventory:

Hand Weapons
 q - a +1 short sword (weapon)
Armour
 a - a +0 robe (worn)
 p - a +1 helmet (worn)
Jewellery
 g - a ring of flight (left hand)
 o - a ring of see invisible (right hand)
Wands
 m - a wand of flame (30)
Scrolls
 d - 2 scrolls of magic mapping {!r}
 i - 2 scrolls of teleportation
 k - 2 scrolls of amnesia
 r - 3 scrolls of identify
Potions
 e - a potion of lignification
 h - 2 potions of curing
 j - a potion of magic
 s - a potion of cancellation
Books
 b - a book of Frost

   Spells                             Type                      Level
   a - Freeze                         Ice                          1
   b - Throw Frost                    Conjuration/Ice              2
   c - Ozocubu's Armour               Charms/Ice                   3
   d - Throw Icicle                   Conjuration/Ice              4
   e - Summon Ice Beast               Ice/Summoning                4
Comestibles
 c - 6 rations


   Skills:
 - Level 2.4 Dodging
 - Level 2.6 Stealth
 + Level 3.4 Spellcasting
 - Level 1.0 Conjurations
 * Level 4.9 Ice Magic


You had 2 spell levels left.
You knew the following spells:

 Your Spells              Type           Power        Failure   Level  Hunger
a - Freeze                Ice            ###.         2%          1    None
c - Ozocubu's Armour      Chrm/Ice       ##......     19%         3    ###....
d - Throw Icicle          Conj/Ice       ##......     45%         4    ####...


Dungeon Overview and Level Annotations

Branches:
Dungeon (4/15)
 Temple: D:4-7

Altars:
Fedhas
Makhleb
Ru
The Shining One

Annotations:
D:4 Iko's ghost, weakling DrBe


Innate Abilities, Weirdness & Mutations

You are small and have problems with some larger weapons.
You are carnivorous and can eat meat at any time.


Message History

Fedhas appreciates ongoing decay.
You see here a runed hunting sling.
i - 2 scrolls of teleportation (gained 1)
Found a stone staircase leading down.
MP restored: 10 A kobold comes into view.
It is wielding a whip.
Found a ring mail.
The kobold shouts!
The kobold closely misses you.
Casting: Freeze
Confirm with . or Enter, or press ? or * to list all spells.
Aiming: Freeze
Press: ? - help, Shift-Dir - straight line, f - kobold
Aim: a kobold, wielding a whip You freeze the kobold.
The kobold is severely wounded.
The kobold hits you with a whip.
You take 3 damage, and have 25/28 hp.
You now have 9/10 mp.
Casting: Freeze
Confirm with . or Enter, or press ? or * to list all spells.
Aiming: Freeze
Press: ? - help, Shift-Dir - straight line, f/p - kobold
Aim: a kobold, wielding a whip (severely wounded)
You freeze the kobold.
You kill the kobold!
You now have 8/10 mp.
Things that are here:
a whip; a kobold corpse; Health restored: 28; MP restored: 10
d - 2 scrolls of magic mapping {!r} (gained 1)
You see here a whip.
Things that are here:
a whip; a kobold corpse You now have 153 gold pieces (gained 11).
You open the door.
There is an open door here.
Fedhas appreciates ongoing decay. x3
Found a short sword.
You see here a short sword.
Things that are here:
a hand axe; a leather armour; an orc skeleton
Found a whip.
There is an open door here.
Things that are here:
a jackal skeleton x3
Fedhas appreciates ongoing decay.
There is an open door here.
Done exploring.
Done exploring.
You see here a runed hunting sling.
There is a stone staircase leading down here.
You climb downwards.
There is a stone staircase leading up here.
An orc comes into view. It is wielding a dagger.
An orc is nearby!
Iko's ghost (weakling Draconian Berserker) comes into view.
The orc shouts!
You hear a shout!
The orc throws a tomahawk.
The tomahawk closely misses you.
Found a scroll of fog.
An orc wizard comes into view. It is wielding a dagger of venom.
The orc wizard shouts!
You hear a shout!
You hear a bark!
Found 24 stones.
The orc throws a tomahawk.
The tomahawk misses you.
You see here a tomahawk.
The orc throws a tomahawk.
The tomahawk hits you.
The orc wizard casts a spell.
The orc wizard flickers and vanishes for a moment.
You see here 2 tomahawks.
You take 2 damage, and have 26/28 hp.
Iko's ghost yells, "Who would have thought, even in death it is a pleasure to sever!"
The orc throws a tomahawk.
The tomahawk hits you but does no damage.
You see here a tomahawk.
Iko's ghost boasts, "I have defeated monsters you have never seen."
Health restored: 28
Press: ? - help, v - describe, . - travel
Here: Iko's ghost The floor.
The orc wizard gestures wildly while chanting.
The orc wizard flickers and vanishes for a moment.
Iko's ghost wails.
There is a stone staircase leading up here.
Iko's ghost laughs, "And you think you're capable of finding the ORB?
I had it, you know.
Then I gave it away so I could steal it AGAIN."
Casting: Freeze
Confirm with . or Enter, or press ? or * to list all spells.
You miscast Ozocubu's Armour.
You are very lightly contaminated with residual magic.
Wisps of condensation drift from your hands.
Iko's ghost misses you.
You now have 7/10 mp.
You hit Iko's ghost but do no damage. Iko's ghost misses you.
You hit Iko's ghost but do no damage. Iko's ghost misses you.
You barely miss Iko's ghost. Iko's ghost hits you.
You take 1 damage, and have 27/28 hp.
You hit Iko's ghost but do no damage. Iko's ghost hits you!
* * * LOW HITPOINT WARNING * * *
You take 13 damage, and have 14/28 hp.
MASSIVE DAMAGE!!
Iko's ghost hits you!
Ouch! That really hurt!
You die...
Fedhas appreciates your contribution to the ecosystem.

#### .o.# ##.#
#.# #.# #.#
#.###############
#............oW@#
#################


You could see an orc wizard and Iko's ghost.

Vanquished Creatures
  Robin (D:1)
  2 adders
  2 dart slugs
  4 leopard geckos
  5 orcs (D:3)
  10 bats
  2 giant cockroaches
  14 goblins
  6 hobgoblins
  9 jackals
  3 kobolds
  2 quokkas
  3 ball pythons
  A frilled lizard (D:1)
  9 rats
73 creatures vanquished.

Vanquished Creatures (others)
  11 toadstools (D:3)
11 creatures vanquished.

Grand Total: 84 creatures vanquished

Notes
Turn   | Place    | Note
-------+----------+-------------------------------------------
     0 | D:1      | Monsterracer the Kobold Ice Elementalist began the quest for the Orb.
     0 | D:1      | Reached XP level 1. HP: 10/10 MP: 3/3
   292 | D:1      | Reached XP level 2. HP: 15/15 MP: 0/5
   714 | D:2      | Noticed Robin
   931 | D:2      | HP: 7/15 [hobgoblin/club[Robin] (3)]
   939 | D:1      | HP: 3/15 [hobgoblin/club[Robin] (3)]
   958 | D:1      | Reached XP level 3. HP: 5/19 MP: 0/6
  1231 | D:1      | Learned a level 3 spell: Ozocubu's Armour
  1289 | D:1      | HP: 8/19 [Robin/short sword (4)]
  1293 | D:1      | HP: 3/19 [Robin/short sword (5)]
  1294 | D:1      | Killed Robin
  1548 | D:2      | Reached skill level 4 in Ice Magic
  1572 | D:2      | Found a burning altar of Makhleb.
  1647 | D:2      | Reached XP level 4. HP: 21/24 MP: 5/8
  1916 | D:2      | Learned a level 4 spell: Throw Icicle
  2645 | D:2      | Found a sacrificial altar of Ru.
  2645 | D:2      | Found a blossoming altar of Fedhas.
  2652 | D:2      | Found a faded altar of an unknown god.
  2654 | D:2      | Found a glowing golden altar of the Shining One.
  2655 | D:2      | Found a faded altar of an unknown god.
  2675 | D:2      | Became a worshipper of Fedhas Madash
  2675 | D:2      | Reached * piety under Fedhas
  2736 | D:2      | Noticed a green death
  2740 | D:2      | Noticed a ynoxinul
  2740 | D:2      | Noticed an orange demon
  3179 | D:3      | Reached XP level 5. HP: 28/28 MP: 7/9
  3862 | D:4      | Noticed Iko's ghost (weakling DrBe)
  3935 | D:4      | HP: 14/28 [Iko's ghost (13)]
  3936 | D:4      | Slain by Iko's ghost

Skill      XL: |  1  2  3  4 |
---------------+-------------+-----
Ice Magic      | 4 |  4.9
Spellcasting   | 3 |  3.4
Dodging        | |  2.4
Stealth        | |  2.6
Conjurations   | |  1.0

Action                   |  1- 3 |  4- 6 || total
-------------------------+-------+-------++-------
Melee: Unarmed           |     3 |       ||     3
       Dagger            |     4 |       ||     4
       Short sword       |       |    20 ||    20
 Cast: Freeze            |    46 |    72 ||   118
Invok: Fungal Bloom      |       |     3 ||     3
  Use: Scroll            |       |    13 ||    13
 Stab: Sleeping          |       |     4 ||     4
  Eat: Chunk             |    11 |     5 ||    16
Armor: Robe              |    15 |    12 ||    27
Dodge: Dodged            |    60 |    69 ||   129

Vault maps used:
D:1:      dpeg_arrival_stonehenge_12_columns
D:2:      chequers_temple_overflow_minitemple, first_ration,
          kennysheep_small_spiral, st_stairs_9, makhleb_altar_promises_db,
          uniq_robin
D:3:      feat_on_display
D:4:      lemuel_crystal_altar, fedhas_altar_fruit_tree, uniq_crazy_yiuf_cottage
